 Dungeon Crawl Stone Soup version 0.32-a0-656-g3542139ebd (webtiles) character file.

Game seed: 3179476728698016389

77 Dittersdorf the Covered (level 4, 0/29 HPs)
             Began as a Gargoyle Fighter on Mar 8, 2024.
             Slain by an orc wizard
             ... wielding a +0 dagger
              (3 damage)
             ... on level 3 of the Dungeon.
             The game lasted 00:02:27 (1933 turns).

Dittersdorf the Covered (Gargoyle Fighter)          Turns: 1933, Time: 00:02:28

Health: 0/29       AC: 11    Str: 22    XL:     4   Next: 34%
Magic:  13/13      EV:  9    Int:  8    God:
Gold:   182        SH:  4    Dex:  9    Spells: 3/3 levels left

rFire   . . .        a - +0 flail
rCold   . . .        c - +0 buckler
rNeg    + + .        b - +0 scale mail
rPois   ∞            (no helmet)
rElec   +            (no cloak)
rCorr   .            n - +0 pair of gloves
SInv    .            (no boots)
Will    .....        (no amulet) Stlth
                     e - ring of positive energy
HPRegen 0.24/turn    t - ring of magical power
MPRegen 0.13/turn

%: no passive effects
@: no status effects
A: sickness immunity, AC +3, negative energy resistance 1, electricity
resistance, torment resistance 1, petrification resistance
a: no special abilities


You were on level 3 of the Dungeon.
You visited 1 branch of the dungeon, and saw 3 of its levels.

You collected 182 gold pieces.

Inventory:

Hand Weapons
 a - a +0 flail (weapon)
Armour
 b - a +0 scale mail (worn)
 c - a +0 buckler (worn)
 l - a +0 plate armour
 n - a +0 pair of gloves (worn)
Jewellery
 e - a ring of positive energy (left hand)
 t - a ring of magical power (right hand)
Scrolls
 f - 3 scrolls of immolation {unknown}
 g - a scroll of enchant armour {unknown}
 k - a scroll of fog {unknown}
 o - 3 scrolls of identify {unknown}
 q - a scroll of fear {unknown}
Potions
 d - a potion of might
 h - a potion of degeneration {unknown}
 i - 3 potions of heal wounds {unknown}
 j - a potion of mutation {unknown}
 m - a potion of lignification {unknown}
 p - a potion of curing {unknown}
 r - a potion of enlightenment {unknown}
 s - a potion of berserk rage {unknown}


   Skills:
 + Level 3.9 Fighting
 + Level 2.7 Maces & Flails
 + Level 4.0 Armour
 + Level 3.9 Shields


You had 3 spell levels left.
You didn't know any spells.
Your spell library contained the following spells:

 Spells                   Type           Power      Damage    Failure   Level
 Kiss of Death            Conj/Necr      0%         2d5       80%         1
 Confusing Touch          Hex            0%         N/A       99%         3
 Inner Flame              Hex/Fire       0%         N/A       99%         3
 Dispel Undead            Necr           0%         3d6       100%        4
 Irradiate                Conj/Alch      0%         3d11      100%        5
 Ignition                 Fire           0%         3d3       100%        8


Dungeon Overview and Level Annotations

Branches:
Dungeon (3/15)

Altars:
Dithmenos

Shops:
D:1 [   D:2 =


Innate Abilities, Weirdness & Mutations

You are immune to sickness and miasma.
Your stone body is resilient. (AC +3)
You are immune to poison.
You resist negative energy. (rN+)
You are resistant to electric shocks. (rElec)
You are resistant to unholy torment.
You are immune to petrification.


Message History

You hear some strange, mumbled words.
You barely miss something. You hit something.
Reactivating autopickup.
You feel a bit more experienced.
Your Armour skill increases to level 4!
You have reached level 4!
You feel stronger.
Deactivating autopickup; reactivate with Ctrl-A.
You barely miss something. Something hits you.
You hear some strange, mumbled words.
A puff of flame appears from out of thin air!
The puff of flame hits you.
You sock something!
You hear some strange, mumbled words.
You are confused.
You completely miss something. Something hits you but does no damage.
You bump into the rock wall.
Something hits you but does no damage.
You're too confused to move!
Something hits you but does no damage.
You completely miss something. Something hits you but does no damage.
Something hits you.
* * * LOW HITPOINT WARNING * * *
You bump into the rock wall.
Something hits you.
* * * LOW HITPOINT WARNING * * *
Something hits you but does no damage.
You barely miss something.
You feel less confused.
You hear some strange, mumbled words.
Something tries to affect you, but you resist.
You closely miss something. Something hits you.
* * * LOW HITPOINT WARNING * * *
You miss something. Something hits you.
* * * LOW HITPOINT WARNING * * *
Something hits you but does no damage.
You barely miss something. Something hits you but does no damage.
You hit something.
Reactivating autopickup.
An orc wizard appears from thin air!
The orc wizard hits you with a +0 dagger.
You die...

##### .....o#####
#...ooo@.#
#.######.# #.# #.#
.# #.# #.#
#######.# #.# #.#
# ##.......# #.#
#.# #.#
###..>######
###.###.######.###
..........#
#....~..~.~~.....


You could see an orc wizard and 3 orcs.

Vanquished Creatures
  An orc wizard (D:3)
  2 dart slugs (D:1)
  A ribbon worm (D:3)
  A bat (D:3)
  4 endoplasms
  3 giant cockroaches
  6 goblins
  6 hobgoblins
  3 quokkas (D:1)
  3 ball pythons
  A frilled lizard (D:1)
  7 kobolds
  2 rats (D:3)
40 creatures vanquished.

Notes
Turn   | Place    | Note
-------+----------+-------------------------------------------
     0 | D:1      | Dittersdorf the Gargoyle Fighter began the quest for the
                  | Orb.
     0 | D:1      | Reached XP level 1. HP: 14/14 MP: 1/1
    61 | D:1      | Found Rirasun's Antique Armour Emporium.
   244 | D:1      | Reached XP level 2. HP: 19/19 MP: 2/2
   648 | D:1      | Reached XP level 3. HP: 14/23 MP: 3/3
  1228 | D:2      | Found a shadowy altar of Dithmenos.
  1340 | D:2      | Found Jevvogis's One-of-a-Kind Rings.
  1921 | D:3      | Reached skill level 4 in Armour
  1921 | D:3      | Reached XP level 4. HP: 15/29 MP: 4/4
  1933 | D:3      | Slain by an orc wizard

Illustrated notes

Levels and vault maps discovered:
D:1:      matt_arrival_spirals, layout_loops_corners, serial_shops, shop
D:2:      layout_basic, basic_altar, chequers_arboretum,
          nicolae_shop_unique_rings, serial_park_tiny_pond
D:3:      layout_loops_ring, ebering_ghost_rock_garden, minivault_27,
          chequers_serial_rivers_small_3, corexii_corridor_pit

Skill      XL: |  1  2  3 |
---------------+----------+-----
Armour         | 4 |  4.0
Fighting       | |  3.9
Maces & Flails | |  2.7
Shields        | |  3.9

Action                     |  1- 3 |  4- 6 || total
---------------------------+-------+-------++-------
  Melee: Flail             |   130 |     9 ||   139
 Armour: Scale mail        |    93 |    14 ||   107
  Dodge: Dodged            |    52 |       ||    52
  Block: Buckler           |    32 |       ||    32

Table legend: (Time is in decaauts)
 A = Elapsed time spent in this place.
 B = Non-inter-level travel time spent in this place.
 C = Inter-level travel time spent in this place.
 D = Time resting spent in this place.
 E = Time spent auto-exploring this place.
 F = Levels seen in this place.
 G = Mean time per level.
                   A        B        C        D        E       F      G
               +--------+--------+--------+--------+--------+-----+--------+
         Total |   1977 |   1931 |     46 |      9 |   1563 |   3 |  659.0 |
       Dungeon |   1977 |   1931 |     46 |      9 |   1563 |   3 |  659.0 |
               +--------+--------+--------+--------+--------+-----+--------+

Top non-repeatable levels by time:
     D:1: 1081 daAuts
     D:3: 469 daAuts
     D:2: 426 daAuts
